 Dungeon Crawl Stone Soup version 0.20.0-8-g6b59dc7 (webtiles) character file.

227 Amnesiac the Firebug (level 5, -20/38 HPs)
             Began as a Centaur Fire Elementalist on May 30, 2017.
             Killed by miscasting Sticky Flame (29 damage)
             ... on level 3 of the Dungeon.
             The game lasted 00:04:02 (2102 turns).

Amnesiac the Firebug (Centaur Fire Elementalist)    Turns: 2102, Time: 00:04:03

Health: -20/38     AC:  8    Str: 11    XL:     5   Next: 70%
Magic:  0/8        EV:  9    Int: 15    God:
Gold:   52         SH:  0    Dex:  9    Spells: 3/8 levels left

rFire    . . .     SeeInvis .   g - +0 dagger
rCold    . . .     Gourm    .   (no shield)
rNeg     . . .     Faith    .   a - +0 robe
rPois    .         Spirit   .   s - +2 helmet
rElec    .         Reflect  .   (no cloak)
rCorr    .         Harm     .   m - +0 pair of gloves
MR       .....                  (no barding)
Stlth    +.........             (no amulet)
Regen    0.2/turn               (no ring)
MPRegen  0.2/turn               (no ring)

@: very slightly contaminated, very quick
A: hooves 3, deformed body, speed 2, tough skin 3
a: no special abilities


You were on level 3 of the Dungeon.
You were very hungry.

You visited 1 branch of the dungeon, and saw 4 of its levels.

You collected 52 gold pieces.

Inventory:

Hand Weapons
 g - a +0 dagger (weapon)
Missiles
 d - 7 curare-tipped needles
 j - 143 stones (quivered)
 n - 8 javelins
 q - 5 tomahawks
 r - 6 poisoned needles
Armour
 a - a +0 robe (worn)
 m - a +0 pair of gloves (worn)
 s - a +2 helmet (worn)
Wands
 i - a wand of digging (17/24)
Scrolls
 e - 3 scrolls of remove curse {!r}
 f - a scroll of enchant armour {!r}
Potions
 k - a potion of heal wounds {!q, unknown}
 l - a potion of berserk rage {!q, unknown}
Books
 b - a book of Flames

   Spells                             Type                      Level
   a - Flame Tongue                   Conjuration/Fire             1
   b - Throw Flame                    Conjuration/Fire             2
   c - Conjure Flame                  Conjuration/Fire             3
   d - Inner Flame                    Hexes/Fire                   3
   e - Sticky Flame                   Conjuration/Fire             4
   f - Fireball                       Conjuration/Fire             5
Comestibles
 c - 3 bread rations
 o - 2 fruits


   Skills:
 - Level 1.3 Dodging
 - Level 1.1 Stealth
 + Level 2.1 Spellcasting
 * Level 3.8 Conjurations
 * Level 4.0 Fire Magic


You had 3 spell levels left.
You knew the following spells:

 Your Spells              Type           Power        Failure   Level  Hunger
a - Flame Tongue          Conj/Fire      ##...        4%          1    #......
e - Sticky Flame          Conj/Fire      ##......     38%         4    #####..


Dungeon Overview and Level Annotations

Branches:
Dungeon (4/15)
 Temple: D:4-7

Altars:


Innate Abilities, Weirdness & Mutations

You have hooves in place of feet.
Armour fits poorly on your strangely shaped body.
You cover ground very quickly.
You have extremely tough skin. (AC +3)


Message History

Aiming: Flame Tongue
Press: ? - help, Shift-Dir - straight line, f - gnoll
Aim: a gnoll, wielding a club The flame tongue hits the gnoll.
The gnoll is moderately wounded.
The gnoll shaman calls upon its god to heal the gnoll.
The gnoll's wounds heal themselves!
Casting: Flame Tongue
Confirm with . or Enter, or press ? or * to list all spells.
Aiming: Flame Tongue
Press: ? - help, Shift-Dir - straight line, f/p - gnoll
Aim: a gnoll, wielding a club The flame tongue hits the gnoll.
The gnoll is moderately wounded.
The gnoll closely misses you.
The gnoll shaman calls upon its god to speed up the gnoll.
The gnoll seems to speed up.
Casting: Flame Tongue
Confirm with . or Enter, or press ? or * to list all spells.
Aiming: Flame Tongue
Press: ? - help, Shift-Dir - straight line, f/p - gnoll
Aim: a gnoll, wielding a club (moderately wounded, fast)
The flame tongue hits the gnoll.
The gnoll appears unharmed.
The gnoll is moderately wounded.
The gnoll barely misses you.
You barely miss the gnoll.
The gnoll is moderately wounded.
The gnoll hits you but does no damage.
You hit the gnoll but do no damage.
The gnoll is moderately wounded.
The gnoll barely misses you. The gnoll hits you but does no damage.
The gnoll shaman calls upon its god to heal the gnoll.
The gnoll's wounds heal themselves!
A gnoll comes into view. It is wielding a halberd.
The gnoll shouts!
The gnoll closely misses you.
You are no longer glowing.
A gnoll comes into view. It is wielding a spear.
The gnoll closely misses you.
The gnoll hits you from afar with a halberd!
The gnoll hits you but does no damage. The gnoll hits you with a halberd.
* * * LOW HITPOINT WARNING * * *
The gnoll hits you with a spear.
* * * LOW HITPOINT WARNING * * *
The gnoll hits you with a spear.
* * * LOW HITPOINT WARNING * * *
The gnoll closely misses you.
There is a stone staircase leading up, spattered with blood here.
The gnoll hits you with a club.
* * * LOW HITPOINT WARNING * * *
You climb upwards.
There is a stone staircase leading down here.
The gnoll is no longer moving quickly.
Casting: Flame Tongue
Confirm with . or Enter, or press ? or * to list all spells.
Aiming: Sticky Flame
Press: ? - help, Shift-Dir - straight line, f - gnoll
Aim: a gnoll, wielding a club You miscast Sticky Flame.
You are very lightly contaminated with residual magic.
You are caught in a fiery explosion!
The explosion engulfs you!
Ouch! That really hurt!
You die...

.#.#.#.#..... ..#.#.#.....
#.#.#.#.....
######.#.#......#
...##)#.#......# ###
#.##.#........# #..
####.............#
#.########....#.#.#.#.....#
#.#.......g@..............#
#.
#.####..####..#.#.#.#.#####
..##.# #.>...............#
#.##.####........#.#.#.#..#
#.#.........###...........#
.##.#.........#
#..#.#.#.#..+
#.............#
#...........#
###...........#
#.##........# #...........#
#...........#


You could see a gnoll.

Vanquished Creatures
  A centaur (D:4)
  A hound (D:4)
  An iguana (D:4)
  A hound skeleton (D:4)
  A gnoll (D:4)
  4 adders
  2 leopard geckos
  2 giant cockroaches
  6 goblins
  2 hobgoblins (D:1)
  A quokka (D:2)
  A ball python (D:4)
  5 bats
  5 kobolds
  A quokka skeleton (D:4)
  6 rats
40 creatures vanquished.

Vanquished Creatures (others)
  A rat (D:1)
1 creature vanquished.

Grand Total: 41 creatures vanquished

Notes
Turn   | Place    | Note
-------+----------+-------------------------------------------
     0 | D:1      | Amnesiac the Centaur Fire Elementalist began the quest for the Orb.
     0 | D:1      | Reached XP level 1. HP: 14/14 MP: 3/3
    16 | D:1      | Reached skill level 1 in Conjurations
   186 | D:1      | Reached XP level 2. HP: 20/20 MP: 0/4
   918 | D:1      | Reached skill level 3 in Fire Magic
  1008 | D:2      | Reached XP level 3. HP: 26/26 MP: 0/5
  1362 | D:4      | Reached XP level 4. HP: 32/33 MP: 1/6
  1373 | D:4      | Learned a level 4 spell: Sticky Flame
  1987 | D:4      | Noticed a centaur
  2001 | D:4      | Killed a centaur
  2001 | D:4      | Reached XP level 5. HP: 37/38 MP: 2/8
  2022 | D:4      | Reached skill level 4 in Fire Magic
  2102 | D:3      | Killed by miscasting Sticky Flame

Skill      XL: |  1  2  3  4  5 |
---------------+----------------+-----
Conjurations   | 1 2 3 |  3.8
Fire Magic     | 3 4 |  4.0
Spellcasting   | 2 |  2.1
Dodging        | |  1.3
Stealth        | |  1.1

Action                   |  1- 3 |  4- 6 || total
-------------------------+-------+-------++-------
Melee: Unarmed           |    16 |       ||    16
       Kick              |     2 |     4 ||     6
       Dagger            |     8 |    30 ||    38
 Cast: Flame Tongue      |    51 |    30 ||    81
       Sticky Flame      |       |     2 ||     2
  Use: Scroll            |       |     4 ||     4
       Potion            |       |     1 ||     1
  Eat: Chunk             |     2 |     2 ||     4
Armor: Robe              |    22 |    32 ||    54
Dodge: Dodged            |    10 |    36 ||    46
